Map: Orbital Shipyard

Players

POX - Winner!

  • Race: Protoss Protoss
  • League: Grandmaster

HolyHit

  • Race: Protoss Protoss
  • League: Grandmaster

Event: DreamHack ZOWIE Open Leipzig

VOD

Have the link to the VOD?

Description

Time

  • Played on: Jan. 22, 2016, 8:05 a.m.
  • Length: 11:41

All games in this series

Show
View Real Time Build Order
Export as new Build Order

POX Protoss - Winner!

Build Orders: Nexus First 

Get SALT Encoding   

  12  0:01  Probe (Chrono Boost)  
  13  0:11  Probe (Chrono Boost)  
  14  0:18  Pylon  
  14  0:22  Probe (Chrono Boost)  
  15  0:36  Probe (Chrono Boost)  
  16  0:47  Probe (Chrono Boost)  
  17  0:56  Nexus  
  17  1:06  Gateway  
  17  1:10  Probe (Chrono Boost)  
  18  1:20  Probe (Chrono Boost)  
  18  1:22  Assimilator  
  19  1:30  Assimilator  
  19  1:31  Probe (Chrono Boost)  
  20  1:40  Gateway  
  20  1:41  Probe (Chrono Boost)  
  21  1:52  Probe (Chrono Boost)  
  22  1:55  Cybernetics Core  
  22  2:02  Probe (Chrono Boost)  
  24  2:08  Probe (Chrono Boost)  
  24  2:13  Probe (Chrono Boost)  
  25  2:19  Probe (Chrono Boost)  
  26  2:25  Probe (Chrono Boost)  
  27  2:33  Stalker (Chrono Boost)  
  27  2:34  Stalker (Chrono Boost)  
  27  2:35  Warp Gate  
  27  2:36  Probe x2  
  33  2:44  Pylon  
  33  2:48  Probe x2  
  35  3:00  Probe (Chrono Boost)  
  35  3:01  Mothership Core (Chrono Boost)  
  38  3:06  Stalker x2 (Chrono Boost)  
  38  3:12  Probe  
  43  3:14  Pylon  
  43  3:21  Probe  
  43  3:24  Probe  
  45  3:30  Twilight Council  
  45  3:33  Probe (Chrono Boost)  
  46  3:36  Probe (Chrono Boost)  
  47  3:45  Probe (Chrono Boost)  
  47  3:47  Robotics Facility  
  47  3:48  Probe (Chrono Boost)  
  49  3:56  Probe (Chrono Boost), Pylon  
  49  3:58  Probe (Chrono Boost)  
  49  4:02  Blink (Chrono Boost)  
  51  4:06  Probe (Chrono Boost), Nexus  
  51  4:08  Probe (Chrono Boost)  
  53  4:11  Pylon  
  53  4:18  Probe x2  
  53  4:19  Pylon  
  55  4:24  Assimilator  
  55  4:25  Assimilator  
  55  4:30  Probe  
  56  4:34  Observer (Chrono Boost)  
  56  4:36  Probe  
  58  4:42  Probe  
  58  4:45  Gateway x2  
  59  4:47  Sentry  
  59  4:48  Probe  
  59  4:49  Gateway  
  62  4:53  Gateway  
  62  4:54  Probe  
  63  5:00  Probe  
  63  5:06  Probe  
  65  5:10  Pylon  
  65  5:12  Probe  
  67  5:14  Observer (Chrono Boost)  
  67  5:17  Probe  
  67  5:18  Probe  
  68  5:24  Probe  
  68  5:27  Forge  
  68  5:28  Probe  
  69  5:30  Probe, Dark Shrine  
  69  5:34  Immortal (Chrono Boost)  
  75  5:36  Probe  
  75  5:37  Stalker  
  75  5:39  Probe  
  75  5:42  Forge  
  79  5:43  Probe  
  79  5:45  Stalker  
  79  5:47  Stalker  
  79  5:49  Probe  
  85  5:50  Probe  
  85  5:55  Probe  
  85  6:00  Probe  
  85  6:01  Probe  
  87  6:06  Warp Prism (Chrono Boost)  
  87  6:07  Probe, Assimilator x2  
  87  6:09  Pylon  
  89  6:11  Probe  
  89  6:12  Pylon  
  89  6:13  Probe  
  89  6:15  Pylon  
  89  6:17  Pylon  
  91  6:19  Probe  
  91  6:20  Protoss Ground Weapons Level 1 (Chrono Boost), Protoss Ground Armor Level 1 (Chrono Boost)  
  92  6:28  Stalker x3  
  98  6:33  Probe, Photon Cannon  
  98  6:35  Probe  
  100  6:40  Photon Cannon  
  100  6:43  Sentry x2  
  100  6:45  Stalker, Probe  
  108  6:47  Probe  
  108  6:50  Probe  
  103  6:57  Probe  
  103  6:58  Photon Cannon  
  103  6:59  Probe  
  101  7:02  Probe  
  101  7:08  Stalker x2  
  106  7:09  Stalker, Probe  
  106  7:11  Probe  
  106  7:14  Probe  
  109  7:22  Mothership Core  
  111  7:23  Probe  
  111  7:26  Probe  
  112  7:33  Dark Templar  
  112  7:34  Dark Templar x2  
  112  7:35  Probe  
  119  7:37  Zealot x2  
  119  7:42  Gateway  
  119  7:43  Dark Templar  
  125  7:45  Gateway, Probe  
  125  7:46  Immortal  
  125  7:48  Pylon  
  130  7:58  Nexus  
  130  8:05  Charge (Chrono Boost)  
  130  8:09  Probe  
  130  8:11  Pylon  
  123  8:14  Probe, Pylon  
  123  8:17  Probe, Photon Cannon  
  123  8:21  Photon Cannon  
  123  8:26  Immortal  
  123  8:30  Zealot  
  123  8:31  Zealot x3  
  135  8:36  Templar Archives  
  135  8:44  Protoss Ground Weapons Level 2 (Chrono Boost)  
  135  8:46  Photon Cannon  
  135  8:48  Protoss Ground Armor Level 2 (Chrono Boost)  
  135  8:50  Pylon  
  135  8:54  Zealot x2  
  131  9:06  Zealot x3  
  131  9:07  Zealot x2  
  131  9:08  Zealot  
  139  9:11  Probe  
  139  9:12  Probe x3  
  139  9:15  Observer, High Templar  
  146  9:19  High Templar  
  146  9:22  Probe  
  146  9:23  Archon  
  149  9:27  Zealot  
  149  9:28  Zealot x3  
  149  9:29  Zealot  
  149  9:30  Probe  
  160  9:33  Probe  
  160  9:36  Probe  
  162  9:39  Probe, Zealot  
  162  9:43  Probe  
  162  9:49  Zealot  
  162  9:50  Zealot x5  
  162  9:51  Probe  
  155  9:54  Probe x2  
  155  9:57  Probe  
  144  10:00  Photon Cannon, Assimilator  
  144  10:02  Assimilator  
  144  10:06  Immortal  
  144  10:10  Zealot x4  
  136  10:28  Zealot  
  136  10:29  Zealot x3  
  144  10:36  Gateway x2, Zealot  
  144  10:39  Gateway  
  144  10:40  Gateway  
  144  10:42  Gateway  
  146  10:43  High Templar  
  146  10:44  High Templar  
  146  10:49  Archon  
  154  10:53  Warp Prism  
  154  10:55  Zealot x4  
  160  10:57  High Templar x2  
  160  11:01  Archon  
  164  11:07  Nexus  
  164  11:09  Pylon  
  164  11:17  Stalker x2  
  164  11:18  Stalker x3  
  149  11:39  Stalker x3  
  149  11:40  Stalker x2  
  149  11:41  Stalker x3  
Show
View Real Time Build Order
Export as new Build Order

HolyHit Protoss 

Build Orders: Nexus First, Oracle Opening 

Get SALT Encoding   

  12  0:00  Probe (Chrono Boost)  
  13  0:11  Probe (Chrono Boost)  
  14  0:18  Pylon  
  14  0:22  Probe (Chrono Boost)  
  15  0:36  Probe (Chrono Boost)  
  16  0:46  Probe (Chrono Boost)  
  17  0:57  Nexus  
  17  1:00  Probe (Chrono Boost)  
  18  1:12  Gateway  
  18  1:13  Probe (Chrono Boost)  
  19  1:21  Assimilator  
  19  1:24  Probe (Chrono Boost)  
  20  1:28  Assimilator  
  20  1:34  Probe (Chrono Boost)  
  21  1:42  Gateway  
  21  1:45  Probe (Chrono Boost)  
  22  1:55  Probe (Chrono Boost)  
  22  1:59  Cybernetics Core  
  23  2:09  Probe x2 (Chrono Boost)  
  25  2:19  Probe x2 (Chrono Boost)  
  29  2:30  Probe x2 (Chrono Boost)  
  29  2:36  Adept x2 (Chrono Boost)  
  33  2:40  Probe  
  33  2:41  Warp Gate (Chrono Boost)  
  33  2:43  Probe  
  35  2:48  Pylon  
  35  2:53  Mothership Core  
  37  2:59  Probe  
  38  3:09  Stargate  
  38  3:11  Probe  
  39  3:15  Probe  
  40  3:20  Pylon  
  40  3:23  Probe  
  40  3:27  Probe  
  41  3:35  Stalker (Chrono Boost), Probe  
  41  3:36  Stalker (Chrono Boost)  
  41  3:39  Probe  
  45  3:48  Probe, Oracle (Chrono Boost)  
  44  3:51  Probe  
  44  3:55  Assimilator  
  48  4:00  Probe, Assimilator  
  49  4:03  Stalker x2, Probe  
  49  4:04  Pylon  
  49  4:07  Pylon  
  54  4:22  Probe, Phoenix  
  54  4:23  Probe  
  58  4:31  Nexus  
  58  4:33  Pylon  
  58  4:37  Probe x2  
  60  4:43  Robotics Facility  
  60  4:47  Sentry  
  60  4:49  Probe  
  60  4:50  Probe  
  60  4:51  Phoenix  
  66  5:01  Probe  
  66  5:02  Probe  
  68  5:13  Probe, Phoenix  
  69  5:15  Probe  
  69  5:16  Pylon  
  69  5:19  Pylon  
  72  5:25  Probe  
  72  5:28  Twilight Council  
  73  5:31  Gateway, Observer  
  73  5:32  Forge  
  73  5:34  Probe  
  73  5:35  Phoenix  
  75  5:37  Probe  
  75  5:42  Probe  
  79  5:53  Probe  
  79  5:57  Probe, Phoenix  
  77  5:58  Probe  
  77  6:01  Immortal, Protoss Ground Weapons Level 1  
  85  6:05  Probe  
  85  6:06  Charge (Chrono Boost)  
  86  6:11  Probe  
  86  6:12  Probe, Assimilator  
  86  6:15  Photon Cannon  
  86  6:17  Probe, Assimilator  
  89  6:23  Photon Cannon  
  89  6:26  Probe  
  89  6:27  Probe  
  89  6:28  Photon Cannon  
  89  6:30  Sentry, Probe  
  94  6:37  Gateway  
  94  6:38  Gateway  
  94  6:40  Probe x2  
  94  6:44  Zealot x2  
  100  6:58  Phoenix  
  102  7:15  Zealot x3  
  108  7:19  Pylon  
  108  7:21  Pylon  
  108  7:26  Templar Archives  
  108  7:28  Pylon  
  108  7:30  Pylon  
  108  7:32  Pylon x2  
  108  7:33  Pylon x2  
  108  7:34  Immortal  
  108  7:38  Photon Cannon  
  108  7:39  Phoenix  
  114  7:48  Zealot x5  
  124  7:56  Gateway  
  124  7:58  Gateway  
  123  8:12  Protoss Ground Weapons Level 2  
  122  8:13  Probe  
  122  8:17  Probe x2  
  129  8:24  High Templar x3  
  129  8:25  High Templar x2  
  139  8:29  Warp Prism  
  139  8:30  Robotics Bay, Archon x2  
  137  8:36  Nexus  
  137  8:38  Pylon  
  137  8:41  Pylon  
  137  8:42  Photon Cannon  
  137  8:45  Photon Cannon  
  131  9:06  High Templar x5  
  141  9:14  Archon x2  
  141  9:15  Robotics Facility  
  141  9:20  Photon Cannon  
  141  9:21  Archon  
  141  9:23  Disruptor  
  141  9:25  Gateway  
  141  9:26  Gateway  
  144  9:35  Pylon  
  144  9:37  Pylon  
  134  9:45  Zealot x2  
  134  9:46  Zealot x3  
  116  9:57  Disruptor  
  96  10:06  Zealot x3  
  96  10:07  Zealot x2  
  101  10:08  Mothership Core  
  101  10:09  Probe x3  
  90  10:25  Zealot x2  
  86  10:30  Phoenix  
  86  10:34  Disruptor (Chrono Boost)  
  86  10:37  Disruptor (Chrono Boost)  
  86  10:40  High Templar x2  
  86  10:41  Zealot x2  
  86  10:42  Zealot  
  100  10:45  Archon  
  100  10:56  Nexus  
  100  10:57  Pylon  
  100  10:59  Pylon  
  100  11:03  High Templar x2  
  100  11:04  High Templar  
  106  11:07  Gateway  
  106  11:08  Gateway, Phoenix  
  106  11:09  Archon  
  107  11:19  Zealot x2  

Tags
 
Add a new tag
Caveats
  • Supply blocks, unpowered buildings, or Contaminate may cause inaccurate times.
  • Supply counts are checked every 10 seconds.